 Dungeon Crawl Stone Soup version 0.26-b1-25-gafae2e710b (webtiles) character file.

Game seed: 6044089507933507835

125 Gadfly the Ruffian (level 4, -3/36 HPs)
             Began as a Draconian Transmuter on Jan 2, 2021.
             Was an Initiate of the Shining One.
             Slain by an orc
             ... wielding a +0 flail
              (9 damage)
             ... on level 3 of the Dungeon.
             The game lasted 00:06:33 (2403 turns).

Gadfly the Ruffian (Draconian Transmuter)           Turns: 2403, Time: 00:06:34

Health: -3/36      AC:  5    Str: 13    XL:     4   Next: 82%
Magic:  2/7        EV: 12    Int: 14    God:    the Shining One [......]
Gold:   157        SH:  0    Dex: 11    Spells: 2/8 levels left

rFire    . . .     SeeInvis .     - Unarmed
rCold    . . .     Faith    .   (no shield)
rNeg     . . .     Spirit   .   (armour unavailable)
rPois    .         Reflect  .   (helmet currently unavailable)
rElec    .         Harm     .   (no cloak)
rCorr    .         Rampage  .   (no gloves)
Will     .....                  (boots currently unavailable)
Stlth    +.........             (no amulet)
HPRegen  0.12/turn              (no ring)
MPRegen  0.10/turn              (no ring)

@: appendages (expiring), wereblooded, glowing
A: unfitting armour, horns 2, talons 2, cold-blooded, AC +5
a: End Transformation, Renounce Religion


You were on level 3 of the Dungeon.
You worshipped the Shining One.
The Shining One was noncommittal.
You had grown temporary horns.
You had grown temporary talons.
You visited 1 branch of the dungeon, and saw 3 of its levels.

You collected 157 gold pieces.

Inventory:

Wands
 a - a wand of digging (6)
Scrolls
 d - 2 scrolls of remove curse
 e - a scroll of fear
Potions
 c - a potion of attraction
 f - a potion of magic


   Skills:
 + Level 2.2 Fighting
 + Level 2.4 Dodging
 * Level 4.0 Unarmed Combat
 + Level 2.5 Spellcasting
 + Level 2.7 Transmutations


You had 2 spell levels left.
You knew the following spells:

 Your Spells              Type           Power        Failure   Level
a - Beastly Appendage     Tmut           18%          8%          1
b - Wereblood             Tmut           9%           11%         2
c - Spider Form           Tmut/Pois      2%           36%         3

Your spell library contained the following spells:

 Spells                   Type           Power        Failure   Level
 Ice Form                 Ice/Tmut       5%           77%         4
 Blade Hands              Tmut           4%           90%         5


Dungeon Overview and Level Annotations

Branches:
Dungeon (3/15)

Altars:
Gozag
Kikubaaqudgha
The Shining One


Innate Abilities, Weirdness & Mutations

Your plain brown scales are hard. (AC +5)
You cannot fit into any form of body armour.
You are cold-blooded and may be slowed by cold attacks.
You have a pair of horns on your head.
You have razor-sharp toenails.


Message History

You hit the orc.
The orc is moderately wounded.
The orc hits you but does no damage.
You closely miss the orc. Your kick misses the orc.
The orc is moderately wounded.
You hit the orc. Your kick misses the orc.
The orc is severely wounded.
The orc hits you with a +0 hand axe.
* * * LOW HITPOINT WARNING * * *
Your magical contamination has completely faded away.
You hit the orc.
You kill the orc!
You barely miss the orc. You claw the orc, but do no damage.
The orc is lightly wounded.
You howl as the wereblood boils in your veins!
The orc closely misses you.
You hit the orc but do no damage. You claw the orc, but do no damage.
The orc is lightly wounded.
The orc hits you with a +0 flail!
You die...

#.....>o#
##.......##
#......... .#
.........# .#
#......o.# #.#
#...$..o.# #.# #)#
#.# #. #.#####.#
... #.# #.ooo@..#
...#.# ######..#
#..#.# #....#
#..#.# #.##.#
####..#.######.##.#
..................#
#...............#
#.#...######.#.##
#.#............#


You could see 3 orcs.

Vanquished Creatures
  Jessica (D:2)
  4 adders (D:2)
  An ooze (D:2)
  2 leopard geckos
  3 orcs (D:3)
  A ball python (D:3)
  4 bats
  5 giant cockroaches
  5 goblins
  8 hobgoblins
  6 jackals
  4 kobolds
  3 frilled lizards
  3 rats
50 creatures vanquished.

Notes
Turn   | Place    | Note
-------+----------+-------------------------------------------
     0 | D:1      | Gadfly the Draconian Transmuter began the quest for the
                  | Orb.
     0 | D:1      | Reached XP level 1. HP: 16/16 MP: 3/3
   175 | D:1      | Reached XP level 2. HP: 3/23 MP: 3/5
   474 | D:1      | Learned a level 2 spell: Wereblood
  1036 | D:2      | Reached XP level 3. HP: 27/28 MP: 4/6
  1086 | D:2      | Learned a level 3 spell: Spider Form
  1114 | D:2      | Found an opulent altar of Gozag.
  1322 | D:2      | Found an ancient bone altar of Kikubaaqudgha.
  1333 | D:2      | Noticed Jessica
  1350 | D:2      | Killed Jessica
  1351 | D:2      | Reached XP level 4. HP: 16/36 MP: 7/7
  1823 | D:2      | Found a glowing golden altar of the Shining One.
  1916 | D:2      | Became a worshipper of the Shining One
  2336 | D:3      | Reached skill level 4 in Unarmed Combat
  2403 | D:3      | Slain by an orc

Illustrated notes

Levels and vault maps discovered:
D:1:      lightli_arrival_windingriver, layout_rooms, minmay_cupped
D:2:      layout_rooms, nicolae_gozag_cash_rules_everything_around_me,
          marbit_many_paths, lemuel_round_altar, serial_co_window_serial,
          co_window_corner_a, co_window_of_opportunity_a, co_window_paths_a,
          co_window_corner_a, co_window_corner_a, co_window_broadway_a,
          co_window_unsneaky_path_c, co_window_2corner, glass_columns_a,
          glass_columns_c, uniq_jessica
D:3:      layout_loops_ring, eat_drink_and_be_merry_uskayaw,
          fedhas_ov_isle_minmay, nemelex_dance_club_becter, uniq_ijyb

Skill      XL: |  1  2  3  4 |
---------------+-------------+-----
Dodging        | 2 |  2.4
Fighting       | 2 |  2.2
Unarmed Combat | 4 |  4.0
Spellcasting   | |  2.5
Transmutations | |  2.7

Action                   |  1- 3 |  4- 6 || total
-------------------------+-------+-------++-------
Melee: Unarmed           |   100 |    58 ||   158
       Tailslap          |     6 |     4 ||    10
       Kick              |    10 |    12 ||    22
       Headbutt          |     9 |     2 ||    11
       Punch             |     2 |       ||     2
 Cast: Beastly Appendage |    19 |    10 ||    29
       Wereblood         |       |     1 ||     1
  Use: Scroll            |     3 |     4 ||     7
 Stab: Sleeping          |     1 |       ||     1
Armor: Skin              |    27 |    12 ||    39
Dodge: Dodged            |    61 |    40 ||   101
